Unix NetHack Version 5.0.0-0 post-release - last build Jun 10 2026 00:39:30 (3ee93aec679c4c4259841fe613dc97188e26a321,branch:main).

Game began 2026-06-27 02:51:09, ended 2026-06-27 02:59:26.

Kwijibo4686, neutral male human Tourist

  -----              ---                ---
 --.|.--            --.--------------  --.---
 |.....---          |...............----....--                 ----
 |-......----       |-....---------..........----------        |..|
 |..........|     ---.....|      |....................------  --..--
 --.....--..-------.......|  ------...........-------......---|....--      ----
  |.|..----...||.|..).....----.........................---....|.....---    |..|
  |.|---  |...||)...--...<.....---............-------..| |---.........------..|
  |.|     |.---|...----...------ --..............|  ---- |......---..........--
  |.|    --.|---.---  |..--  --- --..............--     --......||..........-|
 --.|    |..||...|    |..| ---.---....|.....--....----  |......----...---....--
 |..------.--|.---    ---- |.........---....||.......| --......-- --..|--.....|
 |...--.|..| |.|           |........-| ---------.....| |........|  |..--.....--
 --.......----.|          --.........|         |.....---........|  ---.......--
 --...|.-.| |..|         --........>--         ---..............---  |..--....|
 |...---..---.--         |......|...|            ---..............-- -------.--
 |...| |)|.@..|          |.....----.|              ---...---.......|       ---
 --.----.|G----          |.....|  ---                |...| -----..--
  ---|.....|             ---.---                     |...|     ----
     |...---               ---                       --.--
     -----                                            ---
Kwijibo4686 the Sightseer   St:8 Dx:11 Co:18 In:18 Wi:7 Ch:16  Neutral
Dlvl:5  $:62 HP:0(38) Pw:15(15) AC:7  Xp:4 T:1104 

Latest messages:
 z - a hooded cloak.
 What do you want to wear? [yz or ?*] ?
 What do you want to wear? [yz or ?*] <space>
 Never mind.
 A - a pair of hard shoes.
 What do you want to wear? [yzA or ?*] A
 You finish your dressing maneuver.
 The gnome lord hits!
 You hit the gnome lord.
 The gnome lord hits!
 In what direction? 4
 The dart hits the gnome lord.
 The gnome lord hits!
 In what direction? 4
 The dart hits the gnome lord.
 The gnome lord hits!
 In what direction? 4
 The dart hits the gnome lord.
 The gnome lord hits!
 In what direction? 4
 The dart hits the gnome lord!
 What do you want to read? [gnoqrw or ?*] g
 As you read the scroll, it disappears.
 A map coalesces in your mind!
 The gnome swings his crossbow.
 The gnome hits!
 You hit the gnome.
 The gnome swings his crossbow.
 The gnome hits!
 The dart hits the gnome.
 You miss the gnome.
 You kill the gnome!
 Welcome to experience level 4.
 The sewer rat bites!
 The gnome lord picks up a magenta potion.
 You hear a chugging sound.
 The sewer rat bites!
 The sewer rat misses!
 The gnome lord hits!
 In what direction? 1
 The dart hits the gnome lord.
 The gnome lord hits!
 In what direction? 1
 The dart hits the gnome lord.
 The gnome lord hits!
 In what direction? 1
 The dart misses the gnome lord.
 The gnome lord hits!
 You die...
 Do you want your possessions identified? [ynq] (y) q

Inventory:
 Coins    ('$')
  $ - 62 gold pieces
 Amulets  ('"')
  p - a cursed amulet of change
 Weapons  (')')
  a - 12 +2 darts (at the ready)
 Armor    ('[')
  k - an uncursed +0 orcish helm (being worn)
  A - an uncursed +0 pair of iron shoes (being worn)
  y - a cursed -2 pair of levitation boots
  z - a blessed +3 dwarvish cloak
  h - an uncursed +0 Hawaiian shirt with a hibiscus flower motif (being worn)
 Comestibles  ('%')
  c - 7 uncursed food rations
  e - an uncursed lembas wafer
  v - 2 uncursed oranges
  b - 5 uncursed tripe rations
  d - an uncursed egg
 Scrolls  ('?')
  w - an uncursed scroll of destroy armor
  n - an uncursed scroll of enchant weapon
  r - an uncursed scroll of light
  g - 2 uncursed scrolls of magic mapping
  q - an uncursed scroll of stinking cloud
 Spellbooks  ('+')
  o - an uncursed spellbook of clairvoyance
 Potions  ('!')
  f - 3 uncursed potions of extra healing
  l - an uncursed potion of gain energy
  m - a cursed potion of healing
  x - an uncursed potion of object detection
 Rings    ('=')
  s - an uncursed ring of invisibility
 Wands    ('/')
  t - a wand of polymorph (0:4)
 Tools    ('(')
  j - an uncursed credit card
  i - an expensive camera (0:61)
 Gems/Stones  ('*')
  u - an uncursed jasper stone

Kwijibo4686 the Tourist's attributes:

Background:
 You were a Sightseer, a level 4 male human Tourist.
 You were neutral, nominally on a mission for The Lady
 who was opposed by Blind Io (lawful) and Offler (chaotic).
 You were right-handed.
 You were in the Gnomish Mines, on level 5.
 You entered the dungeon 1104 turns ago.
 It was nighttime.
 You had 86 experience points, 74 more were needed to attain level 5.

Basics:
 You had 0 out of 38 hit points.
 You had all 15 energy points (spell power).
 Your armor class was 7.
 Your wallet contained 62 zorkmids.
 Autopickup was on for '$?!/="' plus thrown.

Final Characteristics:
 Your strength was 8 (limit:18/100).
 Your dexterity was 11 (limit:18).
 Your constitution was 18 (limit:18).
 Your intelligence was 18 (limit:18).
 Your wisdom was 7 (limit:18).
 Your charisma was 16 (limit:18).

Final Status:
 You weren't hungry.
 You were unencumbered.
 You were bare handed.
 You were unskilled in bare handed combat.

Final Attributes:
 You were devoutly aligned.
 You are dead.

Miscellaneous:
 You didn't encounter any bones levels.
 Total elapsed playing time was 8 minutes and 16 seconds.

Major events:
 Turn
    1: Kwijibo4686 the neutral male human Tourist entered the dungeon
  482: attained the rank of Sightseer (level 3)
 1008: entered the Gnomish Mines
 1104: killed by a gnome lord

You didn't know any spells.

Skills:
 Fighting Skills
   bare handed combat [Unskilled]
   two weapon combat  [Unskilled]
   riding             [Unskilled]
 Weapon Skills
   dagger             [Unskilled]
   knife              [Unskilled]
   axe                [Unskilled]
   pick-axe           [Unskilled]
   short sword        [Unskilled]
   broadsword         [Unskilled]
   long sword         [Unskilled]
   two-handed sword   [Unskilled]
   saber              [Unskilled]
   mace               [Unskilled]
   morning star       [Unskilled]
   flail              [Unskilled]
   hammer             [Unskilled]
   quarterstaff       [Unskilled]
   polearms           [Unskilled]
   spear              [Unskilled]
   trident            [Unskilled]
   lance              [Unskilled]
   bow                [Unskilled]
   sling              [Unskilled]
   crossbow           [Unskilled]
   dart               [Basic]
   shuriken           [Unskilled]
   boomerang          [Unskilled]
   whip               [Unskilled]
   unicorn horn       [Unskilled]
 Spellcasting Skills
   divination spells  [Unskilled]
   enchantment spells [Unskilled]
   escape spells      [Unskilled]

Voluntary challenges:
 Character rerolling was not enabled.
 You were an atheist.
 You never hit with a wielded weapon.
 You never genocided any monsters.
 You never polymorphed an object.
 You never changed form.
 You used no wishes.
Achievements:
 You attained the rank of Sightseer.
 You entered a shop.
 You entered the Gnomish Mines.

 The Dungeons of Doom: levels 1 to 4
    Level 1:
       A fountain.
    Level 2:
       Many fountains.
    Level 3:
       A grave.
    Level 4:
       A general store, a fountain.
       Stairs down to The Gnomish Mines.
 The Gnomish Mines:
    Level 5: <- You were here.
       Final resting place for
          you, killed by a gnome lord.


Vanquished creatures:
  a dwarf
  a coyote
  a cave spider
  a brown mold
  a red mold
  2 gnomes
  3 jackals
  a fox
  3 goblins
  2 grid bugs
  2 lichens
  a kobold zombie
  a newt
20 creatures vanquished.

No species were genocided or became extinct.

Game over:
                       ----------
                      /          \
                     /    REST    \
                    /      IN      \
                   /     PEACE      \
                  /                  \
                  |   Kwijibo4686    |
                  |      62 Au       |
                  |   killed by a    |
                  |    gnome lord    |
                  |                  |
                  |                  |
                  |       2026       |
                 *|     *  *  *      | *
        _________)/\\_//(\/(/\)/\//\/|_)_______

Aloha Kwijibo4686 the Tourist...

You died in The Gnomish Mines on dungeon level 5 with 585 points,
and 62 pieces of gold, after 1104 moves.
You were level 4 with a maximum of 38 hit points when you died.

